%YAML 1.1
%TAG !u! tag:unity3d.com,2011:
--- !u!136 &-3396407171257686550
CapsuleCollider:
  m_ObjectHideFlags: 0
  m_CorrespondingSourceObject: {fileID: 0}
  m_PrefabInstance: {fileID: 0}
  m_PrefabAsset: {fileID: 0}
  m_GameObject: {fileID: 3651516777407069285}
  m_Material: {fileID: 0}
  m_IsTrigger: 0
  m_Enabled: 1
  m_Radius: 0.5
  m_Height: 2
  m_Direction: 1
  m_Center: {x: 0, y: 1, z: 0}
--- !u!114 &1578243149
MonoBehaviour:
  m_ObjectHideFlags: 0
  m_CorrespondingSourceObject: {fileID: 0}
  m_PrefabInstance: {fileID: 0}
  m_PrefabAsset: {fileID: 0}
  m_GameObject: {fileID: 3651516777407069285}
  m_Enabled: 1
  m_EditorHideFlags: 0
  m_Script: {fileID: 11500000, guid: 03acd876c53214189a7c842ec2994c46, type: 3}
  m_Name: 
  m_EditorClassIdentifier: 
  chaseDistance: 5
  suspicionTime: 3
  patrolPath: {fileID: 0}
  waypointTolerance: 1
  waypointDwellTime: 3
  patrolSpeedFaction: 0.2
--- !u!114 &3965232760652070821
MonoBehaviour:
  m_ObjectHideFlags: 0
  m_CorrespondingSourceObject: {fileID: 0}
  m_PrefabInstance: {fileID: 0}
  m_PrefabAsset: {fileID: 0}
  m_GameObject: {fileID: 3651516777407069285}
  m_Enabled: 1
  m_EditorHideFlags: 0
  m_Script: {fileID: 11500000, guid: e930e04b091933a46a55fe36a89a95b0, type: 3}
  m_Name: 
  m_EditorClassIdentifier: 
  timeBetweenAttacks: 1
  rightHandTransform: {fileID: 1157326378027717692}
  leftHandTransform: {fileID: 1157326378027791422}
  defaultWeapon: {fileID: 11400000, guid: c6533b8baa3334d7180d8855f713a02f, type: 2}
--- !u!114 &7888854223767246069
MonoBehaviour:
  m_ObjectHideFlags: 0
  m_CorrespondingSourceObject: {fileID: 0}
  m_PrefabInstance: {fileID: 0}
  m_PrefabAsset: {fileID: 0}
  m_GameObject: {fileID: 3651516777407069285}
  m_Enabled: 1
  m_EditorHideFlags: 0
  m_Script: {fileID: 11500000, guid: c7c2300e6e006471999e403071265d8c, type: 3}
  m_Name: 
  m_EditorClassIdentifier: 
--- !u!114 &9124438489382845743
MonoBehaviour:
  m_ObjectHideFlags: 0
  m_CorrespondingSourceObject: {fileID: 0}
  m_PrefabInstance: {fileID: 0}
  m_PrefabAsset: {fileID: 0}
  m_GameObject: {fileID: 3651516777407069285}
  m_Enabled: 1
  m_EditorHideFlags: 0
  m_Script: {fileID: 11500000, guid: 0e2ddce38946c654785c0c5f7ce63d25, type: 3}
  m_Name: 
  m_EditorClassIdentifier: 
--- !u!1001 &1157326378028131122
PrefabInstance:
  m_ObjectHideFlags: 0
  serializedVersion: 2
  m_Modification:
    m_TransformParent: {fileID: 1471611099071483889}
    m_Modifications:
    - target: {fileID: 133518, guid: 30cf93deff988e74e88a144bd2127c18, type: 3}
      propertyPath: m_Name
      value: Character_Knights_Soldier_01
      objectReference: {fileID: 0}
    - target: {fileID: 417656, guid: 30cf93deff988e74e88a144bd2127c18, type: 3}
      propertyPath: m_RootOrder
      value: 0
      objectReference: {fileID: 0}
    - target: {fileID: 417656, guid: 30cf93deff988e74e88a144bd2127c18, type: 3}
      propertyPath: m_LocalPosition.x
      value: 0
      objectReference: {fileID: 0}
    - target: {fileID: 417656, guid: 30cf93deff988e74e88a144bd2127c18, type: 3}
      propertyPath: m_LocalPosition.y
      value: 0
      objectReference: {fileID: 0}
    - target: {fileID: 417656, guid: 30cf93deff988e74e88a144bd2127c18, type: 3}
      propertyPath: m_LocalPosition.z
      value: 0
      objectReference: {fileID: 0}
    - target: {fileID: 417656, guid: 30cf93deff988e74e88a144bd2127c18, type: 3}
      propertyPath: m_LocalRotation.w
      value: 1
      objectReference: {fileID: 0}
    - target: {fileID: 417656, guid: 30cf93deff988e74e88a144bd2127c18, type: 3}
      propertyPath: m_LocalRotation.x
      value: 0
      objectReference: {fileID: 0}
    - target: {fileID: 417656, guid: 30cf93deff988e74e88a144bd2127c18, type: 3}
      propertyPath: m_LocalRotation.y
      value: 0
      objectReference: {fileID: 0}
    - target: {fileID: 417656, guid: 30cf93deff988e74e88a144bd2127c18, type: 3}
      propertyPath: m_LocalRotation.z
      value: 0
      objectReference: {fileID: 0}
    - target: {fileID: 417656, guid: 30cf93deff988e74e88a144bd2127c18, type: 3}
      propertyPath: m_LocalEulerAnglesHint.x
      value: 0
      objectReference: {fileID: 0}
    - target: {fileID: 417656, guid: 30cf93deff988e74e88a144bd2127c18, type: 3}
      propertyPath: m_LocalEulerAnglesHint.y
      value: 0
      objectReference: {fileID: 0}
    - target: {fileID: 417656, guid: 30cf93deff988e74e88a144bd2127c18, type: 3}
      propertyPath: m_LocalEulerAnglesHint.z
      value: 0
      objectReference: {fileID: 0}
    m_RemovedComponents: []
  m_SourcePrefab: {fileID: 100100000, guid: 30cf93deff988e74e88a144bd2127c18, type: 3}
--- !u!4 &1157326378027791422 stripped
Transform:
  m_CorrespondingSourceObject: {fileID: 481036, guid: 30cf93deff988e74e88a144bd2127c18,
    type: 3}
  m_PrefabInstance: {fileID: 1157326378028131122}
  m_PrefabAsset: {fileID: 0}
--- !u!4 &1157326378027717692 stripped
Transform:
  m_CorrespondingSourceObject: {fileID: 423694, guid: 30cf93deff988e74e88a144bd2127c18,
    type: 3}
  m_PrefabInstance: {fileID: 1157326378028131122}
  m_PrefabAsset: {fileID: 0}
--- !u!1001 &4351401062333535087
PrefabInstance:
  m_ObjectHideFlags: 0
  serializedVersion: 2
  m_Modification:
    m_TransformParent: {fileID: 0}
    m_Modifications:
    - target: {fileID: 927448117176933165, guid: 2ad52c8e37722264e8869692fc17c995,
        type: 3}
      propertyPath: target
      value: 
      objectReference: {fileID: 1471611099071483889}
    - target: {fileID: 1067215809016753930, guid: 2ad52c8e37722264e8869692fc17c995,
        type: 3}
      propertyPath: m_Name
      value: Enemy
      objectReference: {fileID: 0}
    - target: {fileID: 2886664739306888350, guid: 2ad52c8e37722264e8869692fc17c995,
        type: 3}
      propertyPath: m_RootOrder
      value: 0
      objectReference: {fileID: 0}
    - target: {fileID: 2886664739306888350, guid: 2ad52c8e37722264e8869692fc17c995,
        type: 3}
      propertyPath: m_LocalPosition.x
      value: -2.85
      objectReference: {fileID: 0}
    - target: {fileID: 2886664739306888350, guid: 2ad52c8e37722264e8869692fc17c995,
        type: 3}
      propertyPath: m_LocalPosition.y
      value: -0.0000011920929
      objectReference: {fileID: 0}
    - target: {fileID: 2886664739306888350, guid: 2ad52c8e37722264e8869692fc17c995,
        type: 3}
      propertyPath: m_LocalPosition.z
      value: 3.17
      objectReference: {fileID: 0}
    - target: {fileID: 2886664739306888350, guid: 2ad52c8e37722264e8869692fc17c995,
        type: 3}
      propertyPath: m_LocalRotation.w
      value: 0.02568273
      objectReference: {fileID: 0}
    - target: {fileID: 2886664739306888350, guid: 2ad52c8e37722264e8869692fc17c995,
        type: 3}
      propertyPath: m_LocalRotation.x
      value: -0
      objectReference: {fileID: 0}
    - target: {fileID: 2886664739306888350, guid: 2ad52c8e37722264e8869692fc17c995,
        type: 3}
      propertyPath: m_LocalRotation.y
      value: -0.9996702
      objectReference: {fileID: 0}
    - target: {fileID: 2886664739306888350, guid: 2ad52c8e37722264e8869692fc17c995,
        type: 3}
      propertyPath: m_LocalRotation.z
      value: -0
      objectReference: {fileID: 0}
    - target: {fileID: 2886664739306888350, guid: 2ad52c8e37722264e8869692fc17c995,
        type: 3}
      propertyPath: m_LocalEulerAnglesHint.x
      value: 0
      objectReference: {fileID: 0}
    - target: {fileID: 2886664739306888350, guid: 2ad52c8e37722264e8869692fc17c995,
        type: 3}
      propertyPath: m_LocalEulerAnglesHint.y
      value: -177.057
      objectReference: {fileID: 0}
    - target: {fileID: 2886664739306888350, guid: 2ad52c8e37722264e8869692fc17c995,
        type: 3}
      propertyPath: m_LocalEulerAnglesHint.z
      value: 0
      objectReference: {fileID: 0}
    - target: {fileID: 4943292075569805094, guid: 2ad52c8e37722264e8869692fc17c995,
        type: 3}
      propertyPath: healthPoints
      value: 40
      objectReference: {fileID: 0}
    m_RemovedComponents: []
  m_SourcePrefab: {fileID: 100100000, guid: 2ad52c8e37722264e8869692fc17c995, type: 3}
--- !u!1 &3651516777407069285 stripped
GameObject:
  m_CorrespondingSourceObject: {fileID: 1067215809016753930, guid: 2ad52c8e37722264e8869692fc17c995,
    type: 3}
  m_PrefabInstance: {fileID: 4351401062333535087}
  m_PrefabAsset: {fileID: 0}
--- !u!4 &1471611099071483889 stripped
Transform:
  m_CorrespondingSourceObject: {fileID: 2886664739306888350, guid: 2ad52c8e37722264e8869692fc17c995,
    type: 3}
  m_PrefabInstance: {fileID: 4351401062333535087}
  m_PrefabAsset: {fileID: 0}
